General information
- name: BNet
- type: Ladder team game (AT/RT)
- host: Battle.net
- saver: JAMELMCCARDELL
map: DragonFalls
- players: 8
- length: 45:42
- speed: Fast
- version: 1.24 W3XP
- replay type: Public
» download(430 KB)
Players
team 1 (loser)
iron_ass (
yellow | 62 APM | 2791 actions | 44:39)
5 Death Knight
3 Death Coil
2 Unholy Aura
4 Lich
2 Frost Nova
2 Frost Armor
4 Crypt Lord
1 Impale
2 Spiked Carapace
1 Carrion Beetles
» actions
| Assign group hotkey | 31 | |
| Basic commands | 319 | |
| Build / train | 98 | |
| ESC pressed | 1 | |
| Enter build submenu | 57 | |
| Enter hero's abilities submenu | 13 | |
| Remove unit from queue | 2 | |
| Right click | 556 | |
| Select / deselect | 531 | |
| Select group hotkey | 1039 | |
| Use ability | 144 | |
2791 total
» units
| Acolyte | 21 | |
| Ghoul | 7 | |
| Crypt Fiend | 6 | |
| Obsidian Statue | 1 | |
| Meatwagon | 2 | |
| Banshee | 5 | |
| Frost Wyrm | 2 | |
| Gargoyle | 1 | |
45 total
» upgrades
| Burrow | 1 | |
| Web | 1 | |
| Banshee Training | 1 | |
| Creature Attack | 1 | |
| Creature Carapace | 2 | |
6 total
» buildings
| Crypt | 1 | |
| Graveyard | 1 | |
| Altar of Darkness | 1 | |
| Ziggurat | 31 | |
| Tomb of Relics | 1 | |
| Nerubian Tower | 7 | |
| Halls of the Dead | 2 | |
| Necropolis | 3 | |
| Black Citadel | 2 | |
| Spirit Tower | 2 | |
| Sacrificial Pit | 1 | |
| Slaughterhouse | 1 | |
| Temple of the Damned | 1 | |
| Boneyard | 1 | |
55 total
» build order
00:08 Crypt
00:14 Graveyard
00:44 Altar of Darkness
01:01 Ziggurat
01:46 Tomb of Relics
01:55 Nerubian Tower
02:14 Ziggurat
04:13 Halls of the Dead
04:36 Nerubian Tower
04:38 Ziggurat
05:43 Ziggurat
06:36 Ziggurat
07:22 Nerubian Tower
08:21 Ziggurat
08:55 Necropolis
09:11 Black Citadel
10:14 Spirit Tower
10:16 Ziggurat
11:05 Ziggurat
11:24 Ziggurat
12:09 Sacrificial Pit
12:13 Nerubian Tower
12:31 Ziggurat
13:01 Slaughterhouse
14:45 Spirit Tower
14:52 Nerubian Tower
18:43 Temple of the Damned
23:32 Halls of the Dead
24:08 Necropolis
24:11 Ziggurat
24:13 Ziggurat
24:42 Ziggurat
24:45 Ziggurat
24:46 Ziggurat
24:59 Ziggurat
25:08 Ziggurat
25:10 Ziggurat
25:15 Ziggurat
25:18 Ziggurat
26:09 Spirit Tower
26:10 Nerubian Tower
26:16 Ziggurat
26:18 Black Citadel
26:21 Nerubian Tower
28:46 Ziggurat
28:49 Ziggurat
28:51 Ziggurat
30:05 Ziggurat
30:07 Ziggurat
34:08 Boneyard
36:47 Ziggurat
40:56 Necropolis
41:26 Ziggurat
41:32 Ziggurat
41:35 Ziggurat
41:37 Ziggurat
» items
| Rod of Necromancy | 1 | |
| Dust of Appearance | 1 | |
| Potion of Healing | 1 | |
| Lesser Clarity Potion | 2 | |
| Scroll of Town Portal | 3 | |
| Orb of Corruption | 1 | |
| Potion of Lesser Invulnerability | 1 | |
| Scroll of Healing | 2 | |
| Scroll of Protection | 1 | |
| Healing Salve | 1 | |
| Scroll of Speed | 1 | |
15 total
nonax (
red | 32 APM | 1450 actions | 45:41)
4 Tauren Chieftain
2 Shockwave
2 Endurance Aura
3 Shadow Hunter
1 Hex
2 Healing Wave
» actions
| Build / train | 68 | |
| Enter build submenu | 33 | |
| Enter hero's abilities submenu | 7 | |
| Remove unit from queue | 7 | |
| Right click | 767 | |
| Select / deselect | 466 | |
| Use ability | 102 | |
1450 total
» units
| Peon | 13 | |
| Grunt | 4 | |
| Troll Headhunter/Berserker | 3 | |
| Troll Batrider | 19 | |
39 total
» upgrades
| Troll Regeneration | 1 | |
| Armor | 1 | |
| Ranged Weapons | 1 | |
| Reinforced Defenses | 1 | |
4 total
» buildings
| Altar of Storms | 2 | |
| Orc Burrow | 9 | |
| Barracks | 1 | |
| Voodoo Lounge | 1 | |
| Stronghold | 1 | |
| War Mill | 1 | |
| Fortress | 1 | |
| Watch Tower | 10 | |
| Spirit Lodge | 1 | |
| Beastiary | 2 | |
| Great Hall | 1 | |
30 total
» build order
00:14 Altar of Storms
00:23 Orc Burrow
00:38 Barracks
02:08 Voodoo Lounge
02:14 Orc Burrow
03:31 Stronghold
04:17 War Mill
05:06 Orc Burrow
06:07 Fortress
06:19 Orc Burrow
06:23 Watch Tower
07:23 Spirit Lodge
08:37 Beastiary
11:06 Orc Burrow
11:32 Orc Burrow
11:40 Watch Tower
11:57 Orc Burrow
12:42 Watch Tower
13:04 Watch Tower
13:34 Orc Burrow
17:16 Beastiary
19:00 Orc Burrow
19:10 Great Hall
21:22 Watch Tower
22:28 Watch Tower
23:53 Watch Tower
24:08 Watch Tower
24:16 Watch Tower
30:43 Watch Tower
37:09 Altar of Storms
» items
| Orb of Lightning | 2 | |
| Healing Salve | 2 | |
| Scroll of Town Portal | 1 | |
| Tiny Great Hall | 1 | |
| Lesser Clarity Potion | 1 | |
| Potion of Healing | 1 | |
| Staff of Teleportation | 1 | |
9 total

»
SLAYERS. (
blue | 139 APM | 6197 actions | 44:34)
5 Blademaster
2 Wind Walk
3 Critical Strike
4 Shadow Hunter
2 Hex
2 Healing Wave
» actions
| Assign group hotkey | 61 | |
| Basic commands | 24 | |
| Build / train | 105 | |
| Enter build submenu | 48 | |
| Enter hero's abilities submenu | 10 | |
| Give item / drop item | 7 | |
| Remove unit from queue | 2 | |
| Right click | 2576 | |
| Select / deselect | 696 | |
| Select group hotkey | 2473 | |
| Use ability | 195 | |
6197 total
» units
| Peon | 30 | |
| Grunt | 6 | |
| Raider | 1 | |
| Troll Batrider | 19 | |
56 total
» upgrades
| Berserker Strength | 1 | |
| Ensnare | 1 | |
| Reinforced Defenses | 1 | |
3 total
» buildings
| Altar of Storms | 1 | |
| Orc Burrow | 5 | |
| Barracks | 1 | |
| Voodoo Lounge | 1 | |
| Stronghold | 3 | |
| War Mill | 1 | |
| Beastiary | 3 | |
| Great Hall | 5 | |
| Watch Tower | 21 | |
| Fortress | 1 | |
42 total
» build order
00:04 Altar of Storms
00:15 Orc Burrow
00:38 Barracks
01:24 Voodoo Lounge
01:39 Orc Burrow
03:28 Stronghold
03:28 Stronghold
04:08 Orc Burrow
06:21 War Mill
06:48 Beastiary
07:13 Great Hall
08:25 Watch Tower
08:26 Watch Tower
08:38 Beastiary
09:33 Orc Burrow
09:33 Orc Burrow
10:50 Watch Tower
11:56 Watch Tower
12:10 Fortress
13:41 Great Hall
13:42 Watch Tower
13:44 Watch Tower
14:15 Watch Tower
14:54 Watch Tower
15:20 Watch Tower
15:58 Watch Tower
16:19 Watch Tower
17:06 Great Hall
17:07 Watch Tower
17:09 Watch Tower
18:57 Watch Tower
18:58 Watch Tower
19:33 Watch Tower
20:36 Beastiary
21:50 Watch Tower
23:19 Watch Tower
23:19 Watch Tower
23:23 Great Hall
26:08 Watch Tower
26:28 Watch Tower
35:25 Great Hall
» items
| Healing Salve | 9 | |
| Lesser Clarity Potion | 5 | |
| Scroll of Speed | 3 | |
| Potion of Healing | 1 | |
| Potion of Mana | 1 | |
| Potion of Lesser Invulnerability | 1 | |
| Boots of Speed | 1 | |
| Staff of Teleportation | 1 | |
22 total

»
TellMeWhy) (
green | 111 APM | 4943 actions | 44:29)
8 Death Knight
3 Death Coil
3 Unholy Aura
1 Animate Dead
1 Death Pact
» actions
| Assign group hotkey | 416 | |
| Basic commands | 156 | |
| Build / train | 120 | |
| ESC pressed | 25 | |
| Enter build submenu | 26 | |
| Enter hero's abilities submenu | 8 | |
| Give item / drop item | 2 | |
| Right click | 2049 | |
| Select / deselect | 767 | |
| Select group hotkey | 1136 | |
| Use ability | 238 | |
4943 total
» units
| Acolyte | 20 | |
| Ghoul | 4 | |
| Crypt Fiend | 9 | |
| Frost Wyrm | 12 | |
| Gargoyle | 11 | |
56 total
» upgrades
| Burrow | 1 | |
| Web | 1 | |
| Creature Carapace | 3 | |
| Creature Attack | 2 | |
7 total
» buildings
| Crypt | 1 | |
| Graveyard | 1 | |
| Altar of Darkness | 1 | |
| Ziggurat | 14 | |
| Tomb of Relics | 1 | |
| Necropolis | 2 | |
| Spirit Tower | 4 | |
| Halls of the Dead | 2 | |
| Nerubian Tower | 5 | |
| Black Citadel | 1 | |
| Sacrificial Pit | 1 | |
| Boneyard | 3 | |
36 total
» build order
00:05 Crypt
00:07 Graveyard
00:42 Altar of Darkness
00:59 Ziggurat
01:28 Tomb of Relics
02:36 Ziggurat
06:01 Necropolis
06:33 Necropolis
06:45 Ziggurat
07:00 Ziggurat
08:32 Spirit Tower
08:32 Ziggurat
08:35 Spirit Tower
08:50 Halls of the Dead
09:13 Ziggurat
09:26 Nerubian Tower
09:31 Ziggurat
09:50 Ziggurat
10:08 Ziggurat
10:09 Ziggurat
10:19 Ziggurat
11:07 Spirit Tower
12:22 Black Citadel
12:23 Sacrificial Pit
12:42 Ziggurat
12:44 Ziggurat
13:21 Ziggurat
13:42 Nerubian Tower
13:44 Nerubian Tower
13:44 Nerubian Tower
15:34 Boneyard
15:35 Boneyard
15:36 Boneyard
» items
| Rod of Necromancy | 1 | |
| Dust of Appearance | 2 | |
| Scroll of Speed | 1 | |
| Healing Salve | 1 | |
| Boots of Speed | 1 | |
| Scroll of Healing | 3 | |
| Potion of Lesser Invulnerability | 1 | |
| Scroll of Town Portal | 2 | |
| Potion of Healing | 6 | |
| Potion of Mana | 3 | |
| Lesser Clarity Potion | 2 | |
| Orb of Corruption | 1 | |
24 total
team 2 (winner)

»
JAMELMCCARDELL (
purple | 85 APM | 3880 actions | 45:42)
8 Blademaster
3 Wind Walk
3 Critical Strike
1 Bladestorm
1 Mirror Image
» actions
| Assign group hotkey | 146 | |
| Basic commands | 4 | |
| Build / train | 80 | |
| ESC pressed | 4 | |
| Enter build submenu | 25 | |
| Enter hero's abilities submenu | 9 | |
| Give item / drop item | 1 | |
| Right click | 2717 | |
| Select / deselect | 435 | |
| Select group hotkey | 194 | |
| Use ability | 265 | |
3880 total
» units
» upgrades
| Spiked Barricades | 1 | |
| Liquid Fire | 1 | |
| Reinforced Defenses | 1 | |
| Ranged Weapons | 2 | |
5 total
» buildings
| Altar of Storms | 1 | |
| Orc Burrow | 5 | |
| Voodoo Lounge | 1 | |
| War Mill | 1 | |
| Watch Tower | 9 | |
| Stronghold | 4 | |
| Beastiary | 2 | |
| Fortress | 1 | |
24 total
» build order
00:07 Altar of Storms
00:19 Orc Burrow
00:35 Voodoo Lounge
01:06 War Mill
02:20 Watch Tower
02:30 Watch Tower
02:41 Watch Tower
03:21 Stronghold
03:21 Stronghold
03:21 Stronghold
04:17 Watch Tower
04:22 Watch Tower
04:25 Watch Tower
04:28 Orc Burrow
04:46 Watch Tower
04:49 Watch Tower
05:00 Watch Tower
05:54 Beastiary
05:55 Beastiary
06:02 Orc Burrow
06:26 Fortress
10:59 Orc Burrow
11:01 Orc Burrow
» items
| Lesser Clarity Potion | 6 | |
| Scroll of Speed | 2 | |
| Healing Salve | 3 | |
| Boots of Speed | 1 | |
| Staff of Teleportation | 1 | |
| Orb of Lightning | 1 | |
| Scroll of Town Portal | 8 | |
| Moonstone | 1 | |
| Potion of Healing | 2 | |
25 total

»
kingbeli (
pink | 92 APM | 4183 actions | 45:41)
8 Blademaster
3 Wind Walk
3 Critical Strike
1 Bladestorm
1 Mirror Image
» actions
| Assign group hotkey | 134 | |
| Basic commands | 85 | |
| Build / train | 94 | |
| ESC pressed | 14 | |
| Enter build submenu | 47 | |
| Enter hero's abilities submenu | 8 | |
| Give item / drop item | 2 | |
| Right click | 1652 | |
| Select / deselect | 687 | |
| Select group hotkey | 1157 | |
| Use ability | 303 | |
4183 total
» units
| Peon | 16 | |
| Wind Rider | 17 | |
| Troll Batrider | 17 | |
50 total
» upgrades
| Ranged Weapons | 3 | |
| Armor | 3 | |
| Reinforced Defenses | 1 | |
| Spiked Barricades | 2 | |
| Liquid Fire | 1 | |
| Envenomed Spears | 1 | |
11 total
» buildings
| Altar of Storms | 1 | |
| Orc Burrow | 7 | |
| War Mill | 2 | |
| Voodoo Lounge | 1 | |
| Watch Tower | 33 | |
| Stronghold | 4 | |
| Beastiary | 4 | |
| Fortress | 1 | |
| Great Hall | 2 | |
55 total
» build order
00:12 Altar of Storms
00:20 Orc Burrow
00:51 War Mill
01:06 Voodoo Lounge
02:03 Watch Tower
02:22 Watch Tower
02:52 Stronghold
02:52 Stronghold
02:52 Stronghold
03:22 Orc Burrow
03:23 Orc Burrow
05:14 Beastiary
05:16 Beastiary
05:22 Orc Burrow
10:18 Fortress
13:46 Watch Tower
13:47 Watch Tower
13:47 Watch Tower
13:48 Watch Tower
13:53 Watch Tower
14:12 Watch Tower
15:30 Watch Tower
15:33 Watch Tower
15:36 Watch Tower
15:40 Watch Tower
15:54 Great Hall
16:06 War Mill
16:34 Watch Tower
16:39 Watch Tower
16:41 Watch Tower
16:52 Watch Tower
20:08 Beastiary
26:57 Watch Tower
26:58 Watch Tower
26:58 Watch Tower
26:59 Watch Tower
27:02 Watch Tower
27:37 Watch Tower
27:43 Watch Tower
27:45 Watch Tower
27:52 Watch Tower
29:26 Great Hall
29:29 Watch Tower
29:30 Watch Tower
29:30 Watch Tower
29:40 Watch Tower
30:37 Watch Tower
30:38 Watch Tower
30:58 Watch Tower
31:16 Watch Tower
33:26 Beastiary
40:52 Orc Burrow
40:53 Orc Burrow
40:53 Orc Burrow
» items
| Healing Salve | 2 | |
| Lesser Clarity Potion | 9 | |
| Scroll of Speed | 1 | |
| Boots of Speed | 1 | |
| Staff of Teleportation | 1 | |
| Circlet of Nobility | 1 | |
| Orb of Lightning | 1 | |
| Moonstone | 1 | |
17 total

»
SDFWESDER (
teal | 105 APM | 4802 actions | 45:41)
5 Archmage
3 Blizzard
2 Brilliance Aura
» actions
| Assign group hotkey | 41 | |
| Basic commands | 7 | |
| Build / train | 213 | |
| ESC pressed | 23 | |
| Enter build submenu | 83 | |
| Enter hero's abilities submenu | 5 | |
| Give item / drop item | 1 | |
| Right click | 2326 | |
| Select / deselect | 701 | |
| Select group hotkey | 1245 | |
| Use ability | 157 | |
4802 total
» units
| Peasant | 26 | |
| Siege Engine | 22 | |
| Priest | 1 | |
| Gryphon Rider | 6 | |
| Green Dragon | 3 | |
58 total
» upgrades
| Masonry | 3 | |
| Lumber Harvesting | 2 | |
| Barrage | 1 | |
| Plating | 3 | |
| Gunpowder | 3 | |
| Magic Sentry | 1 | |
| Armor | 3 | |
| Swords | 3 | |
| Cloud | 1 | |
| Storm Hammers | 1 | |
21 total
» buildings
| Altar of Kings | 1 | |
| Arcane Vault | 1 | |
| Farm | 9 | |
| Lumber Mill | 3 | |
| Scout Tower | 51 | |
| Arcane Tower | 7 | |
| Guard Tower | 68 | |
| Keep | 2 | |
| Blacksmith | 2 | |
| Castle | 2 | |
| Town Hall | 3 | |
| Workshop | 4 | |
| Arcane Sanctum | 1 | |
| Gryphon Aviary | 4 | |
158 total
» build order
00:13 Altar of Kings
00:27 Arcane Vault
00:38 Farm
00:52 Farm
01:26 Farm
01:30 Farm
01:32 Lumber Mill
02:02 Scout Tower
02:12 Scout Tower
02:35 Arcane Tower
02:35 Arcane Tower
02:41 Scout Tower
03:10 Guard Tower
03:13 Scout Tower
03:15 Scout Tower
04:03 Guard Tower
04:03 Guard Tower
04:06 Scout Tower
04:10 Keep
04:10 Keep
04:45 Guard Tower
05:15 Scout Tower
05:53 Guard Tower
05:55 Arcane Tower
05:55 Arcane Tower
06:09 Blacksmith
06:53 Farm
07:32 Scout Tower
07:33 Scout Tower
07:35 Scout Tower
07:37 Scout Tower
07:41 Scout Tower
07:56 Castle
07:56 Castle
08:01 Guard Tower
08:01 Scout Tower
08:02 Scout Tower
08:03 Guard Tower
08:03 Guard Tower
08:03 Guard Tower
08:05 Guard Tower
08:05 Guard Tower
08:05 Guard Tower
08:07 Guard Tower
08:07 Guard Tower
08:42 Town Hall
08:48 Guard Tower
08:48 Guard Tower
08:49 Guard Tower
09:18 Workshop
10:00 Workshop
10:02 Workshop
10:05 Blacksmith
10:56 Lumber Mill
10:59 Farm
11:02 Lumber Mill
13:35 Farm
13:36 Farm
15:32 Arcane Sanctum
16:02 Workshop
17:40 Scout Tower
18:08 Guard Tower
18:09 Guard Tower
18:09 Scout Tower
18:40 Guard Tower
18:40 Guard Tower
20:54 Gryphon Aviary
21:32 Scout Tower
21:33 Scout Tower
21:36 Town Hall
21:38 Scout Tower
21:41 Scout Tower
21:42 Scout Tower
21:43 Scout Tower
21:45 Scout Tower
21:49 Scout Tower
22:06 Guard Tower
22:06 Guard Tower
22:06 Guard Tower
22:07 Guard Tower
22:07 Guard Tower
22:21 Guard Tower
22:21 Guard Tower
22:57 Gryphon Aviary
22:58 Gryphon Aviary
23:39 Guard Tower
24:27 Scout Tower
24:28 Scout Tower
24:29 Scout Tower
24:29 Scout Tower
25:35 Guard Tower
29:58 Scout Tower
29:59 Scout Tower
30:00 Scout Tower
30:28 Guard Tower
30:28 Guard Tower
30:58 Scout Tower
30:59 Scout Tower
31:00 Scout Tower
31:27 Town Hall
31:28 Guard Tower
31:28 Guard Tower
31:29 Scout Tower
31:30 Scout Tower
31:32 Scout Tower
31:43 Scout Tower
31:56 Guard Tower
31:56 Guard Tower
31:58 Scout Tower
31:59 Guard Tower
31:59 Guard Tower
32:00 Scout Tower
32:17 Scout Tower
32:19 Guard Tower
32:26 Guard Tower
32:27 Guard Tower
32:28 Scout Tower
32:29 Guard Tower
32:53 Arcane Tower
32:53 Arcane Tower
32:54 Arcane Tower
32:55 Scout Tower
32:58 Scout Tower
33:06 Guard Tower
33:06 Guard Tower
33:07 Scout Tower
33:24 Scout Tower
33:24 Guard Tower
33:25 Guard Tower
33:30 Guard Tower
33:41 Guard Tower
33:41 Guard Tower
33:52 Guard Tower
33:52 Guard Tower
33:52 Guard Tower
35:23 Scout Tower
35:23 Scout Tower
35:24 Scout Tower
35:25 Scout Tower
35:25 Scout Tower
35:37 Gryphon Aviary
36:39 Guard Tower
36:40 Guard Tower
38:03 Farm
» items
| Scroll of Regeneration | 6 | |
| Lesser Clarity Potion | 5 | |
| Mechanical Critter | 1 | |
| Boots of Speed | 1 | |
| Staff of Teleportation | 1 | |
| Potion of Lesser Invulnerability | 1 | |
| Scroll of Town Portal | 7 | |
| Potion of Invisibility | 2 | |
| Dust of Appearance | 1 | |
| Potion of Healing | 1 | |
26 total

»
Twat (
orange | 85 APM | 3866 actions | 45:41)
10 Goblin Tinker
3 Pocket Factory
3 Engineering Upgrade
1 Robo-Goblin
3 Cluster Rockets
» actions
| Assign group hotkey | 56 | |
| Basic commands | 4 | |
| Build / train | 93 | |
| Enter build submenu | 25 | |
| Enter hero's abilities submenu | 10 | |
| Give item / drop item | 3 | |
| Remove unit from queue | 2 | |
| Right click | 2005 | |
| Select / deselect | 717 | |
| Select group hotkey | 813 | |
| Use ability | 138 | |
3866 total
» units
» upgrades
| Strength of the Wild | 3 | |
| Reinforced Hides | 3 | |
| Corrosive Breath | 1 | |
| Ultravision | 1 | |
| Well Spring | 1 | |
| Nature's Blessing | 1 | |
10 total
» buildings
| Altar of Elders | 1 | |
| Moon Well | 9 | |
| Hunter's Hall | 1 | |
| Ancient Protector | 5 | |
| Tree of Ages | 2 | |
| Ancient of Wonders | 2 | |
| Tree of Eternity | 2 | |
| Ancient of Wind | 1 | |
| Chimaera Roost | 3 | |
| Tree of Life | 1 | |
27 total
» build order
00:05 Altar of Elders
00:24 Moon Well
01:18 Hunter's Hall
01:38 Moon Well
02:15 Moon Well
02:32 Ancient Protector
02:43 Ancient Protector
03:20 Ancient Protector
03:31 Ancient Protector
03:43 Moon Well
04:15 Tree of Ages
04:34 Ancient Protector
05:36 Ancient of Wonders
06:48 Tree of Eternity
06:48 Tree of Eternity
06:52 Ancient of Wind
09:23 Chimaera Roost
09:25 Chimaera Roost
09:26 Chimaera Roost
09:30 Moon Well
10:58 Moon Well
12:30 Moon Well
13:00 Tree of Life
14:20 Ancient of Wonders
31:37 Moon Well
40:52 Moon Well
» items
| Boots of Speed | 1 | |
| Staff of Teleportation | 1 | |
| Circlet of Nobility | 1 | |
| Orb of Venom | 1 | |
| Scroll of Town Portal | 5 | |
| Potion of Healing | 5 | |
| Potion of Mana | 2 | |
16 total
Chat log
(00:06 / All) kingbeli: iron_man ?
(00:07 / Allies) kingbeli: orc
(00:13 / All) TellMeWhy): :D
(00:16 / All) TellMeWhy): ^^
(00:24 / All) TellMeWhy): ME UD
(00:37 / All) kingbeli: you idiot
(00:39 / All) Twat: iron ass
(00:40 / All) TellMeWhy): kk
(00:47 / All) kingbeli: what kk moron
(00:54 / All) TellMeWhy): what moron kk ?
(00:55 / All) iron_ass: stfu
(01:04 / All) kingbeli: o iron ass wanna get raped in his iron ass
(01:05 / All) SDFWESDER: im gay lol
(01:09 / All) TellMeWhy): O_O
(01:11 / All) iron_ass: impossible
(01:14 / All) TellMeWhy): suck me
(01:15 / All) TellMeWhy): then
(01:16 / All) kingbeli: sup russians
(01:17 / All) TellMeWhy): ;c
(01:21 / All) TellMeWhy): nas spanish
(01:21 / All) iron_ass: little dick can't do it
(01:25 / All) kingbeli: stfu russians
(01:31 / All) kingbeli: tu madre puta pendeho
(01:34 / All) TellMeWhy): me only from russia
(01:37 / All) TellMeWhy): fucking bastard
(02:20 / All) TellMeWhy): u like suck dicks?
(02:23 / All) SDFWESDER: yeah lol
(02:28 / All) kingbeli: LEARN ENGLISH FUCKING BEANERS
(02:31 / All) SDFWESDER: shut uo virgin ass up
(02:31 / All) iron_ass: gay team ?
(02:41 / All) TellMeWhy): learn play wc3 gay
(02:44 / All) TellMeWhy): And real life
(02:45 / All) kingbeli: your moma gay
(02:55 / All) iron_ass: and you touch your fiends dick ?
(03:08 / All) SDFWESDER: they're girls..
(04:56 / All) Twat: LOL
(05:49 / All) SDFWESDER: nice try virgin
(05:54 / All) Twat: whatd i do?
(06:44 / All) Twat: ahh
(09:07 / All) SLAYERS.: n1 try
(09:14 / All) SDFWESDER: lucky virgin
(10:03 / All) TellMeWhy): DIE
(10:10 / All) SDFWESDER: virgin anger
(11:07 / All) kingbeli: wow hacker
(11:08 / All) kingbeli: lol
(11:10 / All) TellMeWhy): LOL
(12:31 / All) kingbeli: wow hack more
(12:47 / Allies) kingbeli: \
(12:52 / All) kingbeli: you fucking worthless hackers
(14:02 / All) SDFWESDER: lol
(14:09 / All) kingbeli: could you hack more?
(15:30 / All) Twat: sick micro
(15:41 / All) SDFWESDER: you guys suck lol
(15:48 / All) SDFWESDER: what are u going 2 do red
(15:49 / All) SDFWESDER: honestly
(16:11 / All) SDFWESDER: nice mine
(16:12 / All) SDFWESDER: virgin
(17:16 / Allies) JAMELMCCARDELL: going
(17:24 / Allies) JAMELMCCARDELL: xD
(18:51 / Allies) JAMELMCCARDELL: should i switch to wyvs
(18:58 / Allies) JAMELMCCARDELL: bats wont do shit if they hack
(20:33 / All) SDFWESDER: how did you do that
(20:34 / All) SDFWESDER: honestly
(22:34 / All) SDFWESDER: morons
(24:18 / Allies) JAMELMCCARDELL: i have no gold income
(25:38 / Allies) JAMELMCCARDELL: LOL
(25:52 / Allies) JAMELMCCARDELL: i need gold
(26:01 / All) SDFWESDER: nice expo
(30:43 / Allies) kingbeli: wood
(30:47 / All) SDFWESDER: more tanks?>
(30:49 / Allies) kingbeli: wood
(30:51 / Allies) kingbeli: go enni
(30:53 / Allies) kingbeli: DENNIS
(30:53 / Allies) kingbeli: GO
(31:37 / All) SDFWESDER: hacking morons
(32:30 / Allies) JAMELMCCARDELL: LOL
(32:32 / All) SDFWESDER: ty for expo
(32:51 / All) SDFWESDER: nice
(33:16 / All) SDFWESDER: leave
(33:54 / All) JAMELMCCARDELL: yeah follow him LOL
(33:57 / Allies) kingbeli: ye
(34:22 / Allies) kingbeli: LOL MICHAEL
(34:22 / Allies) kingbeli: GO
(34:24 / Allies) JAMELMCCARDELL: LOL
(34:35 / All) Twat: rebirth mother fucker
(37:20 / All) JAMELMCCARDELL: GOT YOUR SH BITCH
(38:11 / All) SDFWESDER: GOI AWAY
(38:17 / All) SDFWESDER: yellow you're gorrible
(38:17 / All) SDFWESDER: leave
(38:23 / All) TellMeWhy): noobs
(38:26 / All) TellMeWhy): only mass towqers
(38:28 / All) kingbeli: more hack next time
(38:29 / All) TellMeWhy): and abuse strats
(38:32 / All) JAMELMCCARDELL: LOL
(38:33 / All) SDFWESDER: nice
(38:33 / All) TellMeWhy): lol where hack gay noo
(38:37 / All) TellMeWhy): noob
(38:37 / All) kingbeli: more hack next time
(38:39 / All) SDFWESDER: says the idiots losing
(38:43 / All) kingbeli: fucking russian lol
(38:44 / All) TellMeWhy): more suck u next time gays
(38:52 / All) SDFWESDER: LOL
(38:58 / All) Twat: only one doing any sucking here is me
(39:14 / All) TellMeWhy): suck u gay
(39:21 / All) TellMeWhy): ahcker noob
(40:28 / All) kingbeli: keave
(40:41 / All) Twat: u guys did good
(40:44 / All) JAMELMCCARDELL: bye noobs
(40:55 / Allies) kingbeli: wood
(41:01 / All) Twat: CLAN GGL@AZEROTH
(41:07 / All) iron_ass: gay clan
(41:10 / All) kingbeli: no u
(41:13 / All) nonax: lame
(41:20 / All) kingbeli: hack more next time
(41:28 / All) nonax: fight with tower
(41:34 / Allies) JAMELMCCARDELL: 300 gold plz
(41:50 / Allies) JAMELMCCARDELL: GOLD ME MICHAEL
(41:54 / All) kingbeli: going 100 better leave idiots
(42:40 / All) SDFWESDER: sup nigga
(42:50 / All) kingbeli: leave nerds
(42:52 / All) kingbeli: nice ass
(42:59 / All) kingbeli: how does the new asshole feel?
(43:07 / All) JAMELMCCARDELL: GG IDIOT
(43:19 / All) kingbeli: dont leave
(43:23 / All) kingbeli: i got 100 food coming
(43:36 / All) SDFWESDER: leave
(43:38 / All) SDFWESDER: you suck LOL
(43:42 / All) JAMELMCCARDELL: stupid hacking noobs
(43:45 / All) kingbeli: dont leave
(44:01 / All) kingbeli: hey iron ass nice ass
(44:06 / All) kingbeli: i raped a iron ass lol
(44:10 / All) kingbeli: cock of steal
(44:15 / All) iron_ass: noobs
(44:20 / All) kingbeli: hack more
(44:21 / Allies) kingbeli: no
(44:23 / Allies) kingbeli: gook
(44:24 / All) iron_ass: no skill
(44:30 / Allies) JAMELMCCARDELL: BELI 1500 GOLD
(44:37 / Allies) JAMELMCCARDELL: nvm
(44:53 / All) SDFWESDER: leave nigger